 Seeded DCSS version 0.28-a0-502-g6c43a8f (webtiles) character file.

Game seed: 2201352833284444979 (custom seed)

134 Illumine the Charlatan (level 4, -1/26 HPs)
             Began as a Deep Elf Artificer on Sept 19, 2021.
             Was an Initiate of Vehumet.
             Killed from afar by an orc wizard (8 damage)
             ... with a puff of flame
             ... on level 3 of the Dungeon.
             The game lasted 00:13:06 (5095 turns).

Illumine the Charlatan (Deep Elf Artificer)         Turns: 5095, Time: 00:13:07

Health: -1/26      AC:  4    Str:  9    XL:     4   Next: 95%
Magic:  9/9        EV: 12    Int: 17    God:    Vehumet [......]
Gold:   86         SH:  0    Dex: 15    Spells: 7/7 levels left

rFire   . . .      SeeInvis .   j - +0 war axe
rCold   . . .      Faith    .   (no shield)
rNeg    . . .      Spirit   .   a - +0 leather armour {Will+}
rPois   .          Reflect  .   (no helmet)
rElec   .          Harm     .   (no cloak)
rCorr   .          Rampage  .   (no gloves)
Will    +....                   b - +0 pair of boots
Stlth   ++........              (no amulet)
HPRegen 0.08/turn               (no ring)
MPRegen 0.11/turn               (no ring)

@: no status effects
A: no striking features
a: Renounce Religion


You were on level 3 of the Dungeon.
You worshipped Vehumet.
Vehumet was noncommittal.
You visited 2 branches of the dungeon, and saw 5 of its levels.

You collected 86 gold pieces.

Inventory:

Hand Weapons
 j - a +0 war axe (weapon)
 m - a +0 hunting sling
Missiles
 f - 5 sling bullets
 g - 79 stones (quivered)
Armour
 a - a +0 leather armour of willpower (worn)
 b - a +0 pair of boots (worn)
Wands
 d - a wand of charming (8)
Scrolls
 k - 3 scrolls of enchant weapon {unknown}
 n - a scroll of brand weapon {unknown}
Potions
 c - a potion of brilliance {unknown}
 h - a potion of flight
 i - 3 potions of attraction
 l - a potion of haste
 o - a potion of might {unknown}
 p - a potion of cancellation {unknown}
Miscellaneous
 e - a piece from Xom's chessboard (12/15)


   Skills:
 + Level 2.0 Fighting
 + Level 1.4 Armour
 + Level 3.7 Dodging
 - Level 1.2 Stealth
 + Level 2.2 Spellcasting
 + Level 4.1 Evocations


You had 7 spell levels left.
You didn't know any spells.
Your spell library was empty.

Dungeon Overview and Level Annotations

Branches:
Dungeon (4/15)             Temple (1/1) D:4

Altars:
Dithmenos
Elyvilon
Gozag
Hepliaklqana
Kikubaaqudgha
Makhleb
Qazlal
Vehumet
Wu Jian

Annotations:
D:3 Sigmund


Message History

An orc comes into view. It is wielding a +0 short sword.
A goblin comes into view. It is wielding a +0 club.
The goblin shouts!
The ogre shouts!
There is a stone staircase leading up here.
You climb upwards.
Level annotation: Sigmund The orc shouts! x2
An orc comes into view. It is wielding a +0 dagger.
There is a stone staircase leading down here.
The goblin barely misses you. The goblin hits you with a +0 club.
The orc wizard shouts!
The orc wizard points at you and mumbles some strange words.
The puff of flame hits you.
The orc wizard points at you and mumbles some strange words.
The magic dart hits you!
* * * LOW HITPOINT WARNING * * *
The orc suddenly cheers.
The orc wizard mumbles some strange words.
The orc wizard flickers and vanishes!
Deactivating autopickup; reactivate with Ctrl-A.
Aiming: Charm
Press: ? - help, Shift-Dir - straight line, f - orc
Aim: an orc, wielding a +0 flail (chance to affect: 74%)
The orc is charmed.
What are your orders? t - Shout!
Orders for allies: a - Attack new target. p - Attack previous target. r - Retreat! s - Stop attacking. g - Guard the area. f - Follow me.
Anything else - Cancel.
Guard this area!
Something hits your orc.
Your orc barely misses something.
The orc throws a boomerang.
The boomerang hits your orc.
Your orc dies!
Okay, then.
A puff of flame appears from out of thin air!
The puff of flame hits you!
You die...

###############
#..@.....{.o..#
#.###########.#
# #<#.# #.#.#
#.#.# #{#)#
#.#o#
#.#.######
#.#go.....


There were no monsters in sight!

Vanquished Creatures
  A water moccasin skeleton (D:4)
  An ufetubus (D:4)
  3 worms
  2 dart slugs (D:1)
  An orc (D:3)
  6 endoplasms
  2 giant cockroaches
  3 goblins
  5 hobgoblins
  2 jackals (D:1)
  5 kobolds
  3 quokkas
  8 ball pythons
  8 bats
  5 frilled lizards (D:1)
  5 rats
60 creatures vanquished.

Vanquished Creatures (collateral kills)
  2 ball pythons (D:4)
2 creatures vanquished.

Vanquished Creatures (others)
  An orc (D:3)
  3 plants (D:4)
4 creatures vanquished.

Grand Total: 66 creatures vanquished

Notes
Turn   | Place    | Note
-------+----------+-------------------------------------------
     0 | D:1      | Illumine the Deep Elf Artificer began the quest for the
                  | Orb.
     0 | D:1      | Reached XP level 1. HP: 11/11 MP: 3/3
   188 | D:1      | Reached skill level 1 in Fighting
   188 | D:1      | Reached skill level 1 in Armour
   328 | D:1      | Reached XP level 2. HP: 16/16 MP: 4/4
  1442 | D:1      | Reached XP level 3. HP: 14/20 MP: 6/6
  1887 | D:1      | Reached skill level 1 in Spellcasting
  2136 | D:1      | Found a faded altar of an unknown god.
  3910 | D:3      | Reached XP level 4. HP: 25/25 MP: 8/8
  4364 | D:3      | Noticed Sigmund
  4523 | D:4      | Reached skill level 4 in Evocations
  4904 | D:4      | Noticed an ogre
  4941 | D:4      | Found a staircase to the Ecumenical Temple.
  4949 | Temple   | Entered the Ecumenical Temple
  5009 | Temple   | Became a worshipper of Vehumet
  5095 | D:3      | Killed from afar by an orc wizard

Illustrated notes

Levels and vault maps discovered:
D:1:      minmay_arrival_wavy_path, layout_basic,
          dilly_ecumenical_altar_fadedgnrine, minmay_close_crescents
D:2:      layout_basic, hangedman_abyss_or_decor_lesser_grid
D:3:      layout_basic, uniq_terence, uniq_sigmund
D:4:      layout_cave_pools, minmay_temple_entry_gardened_gates, uniq_natasha
Temple:   eino_wide_crystal_templ

Skill      XL: |  1  2  3  4 |
---------------+-------------+-----
Fighting       | 1 2 |  2.0
Armour         | 1 |  1.4
Dodging        | 3 |  3.7
Spellcasting   | 1 2 |  2.2
Evocations     | 4 |  4.1
Stealth        | |  1.2

Action                   |  1- 3 |  4- 6 || total
-------------------------+-------+-------++-------
Melee: Club              |   146 |       ||   146
       War axe           |       |    19 ||    19
 Fire: Hunting sling     |    79 |    31 ||   110
Throw: Stone             |     8 |       ||     8
Evoke: Wand              |    12 |    10 ||    22
       Piece from Xom's  |     1 |     5 ||     6
  Use: Scroll            |     3 |       ||     3
 Stab: Sleeping          |     3 |       ||     3
Armor: Leather armour    |    62 |     9 ||    71
Dodge: Dodged            |   140 |    41 ||   181

Table legend: (Time is in decaauts)
 A = Elapsed time spent in this place.
 B = Non-inter-level travel time spent in this place.
 C = Inter-level travel time spent in this place.
 D = Time resting spent in this place.
 E = Time spent auto-exploring this place.
 F = Levels seen in this place.
 G = Mean time per level.
                   A        B        C        D        E       F      G
               +--------+--------+--------+--------+--------+-----+--------+
         Total |   5172 |   4842 |    330 |   2216 |   1584 |   5 | 1034.4 |
       Dungeon |   5099 |   4780 |    319 |   2174 |   1579 |   4 | 1274.8 |
        Temple |     72 |     61 |     11 |     42 |      5 |   1 |   72.0 |
               +--------+--------+--------+--------+--------+-----+--------+

Top non-repeatable levels by time:
     D:1: 2199 daAuts
     D:2: 1930 daAuts
     D:4: 497 daAuts
     D:3: 472 daAuts
  Temple: 72 daAuts
